 Dungeon Crawl Stone Soup version 0.25-a0-280-gfa4545f159 (webtiles) character file.

Game seed: 14194268835553043320, levelgen mode: deterministic

3742 Catnutz the Cleaver (level 9, -2/79 HPs)
             Began as a Purple Draconian Berserker on Dec 10, 2019.
             Was an Elder of Trog.
             Slain by a wight
             ... wielding a cursed +4 flail of freezing
              (12 damage)
             ... on level 9 of the Dungeon.
             The game lasted 00:12:48 (8950 turns).

Catnutz the Cleaver (Purple Draconian Berserker)    Turns: 8950, Time: 00:12:49

Health: -2/79      AC:  8    Str: 19    XL:     9   Next: 93%
Magic:  9/9        EV: 14    Int:  9    God:    Trog [****..]
Gold:   301        SH:  0    Dex: 13    Spells: 8/8 levels left

rFire    . . .     SeeInvis +   a - +0 war axe
rCold    . . .     Gourm    .   (no shield)
rNeg     . . .     Faith    .   (armour unavailable)
rPois    .         Spirit   .   o - +0 hat
rElec    .         Reflect  .   D - +0 cloak
rCorr    .         Harm     .   (no gloves)
MR       +....                  (no boots)
Stlth    ++........             (no amulet)
HPRegen  0.23/turn              l - ring of see invisible
MPRegen  0.11/turn              (no ring)

@: berserk cooldown, slowed, lightly drained, very slow
A: breathe power, unfitting armour, cold-blooded, AC +7
a: Breathe Dispelling Energy, Berserk, Trog's Hand, Brothers in Arms, Renounce
Religion


You were on level 9 of the Dungeon.
You worshipped Trog.
Trog was greatly pleased with you.
You were not hungry.

You visited 1 branch of the dungeon, and saw 9 of its levels.

You collected 301 gold pieces.

Inventory:

Hand Weapons
 a - a +0 war axe (weapon)
 t - a +0 hand axe
Missiles
 e - a throwing net
 q - 12 boomerangs
 C - 5 poisoned darts (quivered)
Armour
 o - a +0 hat (worn)
 D - a +0 cloak (worn)
Jewellery
 l - a ring of see invisible (left hand)
Wands
 x - a wand of random effects (12)
 E - a wand of disintegration (13)
Scrolls
 d - a scroll of identify
 f - 7 scrolls of remove curse {unknown}
 g - 3 scrolls of teleportation {unknown}
 i - a scroll of immolation {unknown}
 k - a scroll of enchant armour {unknown}
 m - 2 scrolls of blinking {unknown}
 u - 3 scrolls of fear {unknown}
 v - a scroll of noise {unknown}
 w - 2 scrolls of magic mapping {unknown}
 y - a scroll of fog {unknown}
Potions
 c - a potion of brilliance
 h - 4 potions of lignification
 j - a potion of might
 n - 3 potions of berserk rage
 r - a potion of curing
 s - a potion of ambrosia {unknown}
 z - a potion of magic {unknown}
 A - a potion of resistance {unknown}
 B - 2 potions of haste
Comestibles
 b - 13 rations


   Skills:
 + Level 7.3(7.1) Fighting
 + Level 10.5(10.2) Axes
 + Level 4.0(3.8) Throwing
 + Level 5.4(5.2) Dodging
 + Level 3.8(3.6) Stealth


You had 8 spell levels left.
You didn't know any spells.
Your spell library was empty.

Dungeon Overview and Level Annotations

Branches:
Dungeon (9/15)             Temple (0/1) D:4
   Lair: D:8-11         Orc: D:9-12

Altars:
Ashenzari
Dithmenos
Gozag
Makhleb
Okawaru
Qazlal
Sif Muna
Vehumet
Xom
The Shining One

Annotations:
D:5 1 runed translucent door, floatRand's ghost, amateur DsGl
D:7 exclusion: 2 downstairs
D:8 1 runed translucent door, grouchysmurf's ghost, novice TrMo


Innate Abilities, Weirdness & Mutations

You can breathe bolts of dispelling energy.
Your rich purple scales are hard. (AC +7)
You cannot fit into any form of body armour.
You are cold-blooded and may be slowed by cold attacks.


Message History

You completely miss the wight.
Unknown command.
You hit the wight.
The wight is lightly damaged.
You hit the wight but do no damage.
* * * LOW HITPOINT WARNING * * *
You feel sick.
Unknown command.
You barely miss the wight.
The wight is lightly damaged.
You closely miss the wight.
You are no longer berserk.
You are exhausted.
You feel yourself slow down.
* * * LOW HITPOINT WARNING * * *
You feel sick. The wight barely misses you.
The wight hits you but does no damage.
You feel better.
The wight hits you with a cursed +4 flail of freezing!
You die...

#####........ ..##........
########..+.......
...)..#..#......
#.......#...##+##
+......z.z......##
#.................
#....z##).........
#....z@)).........
########..#......#).......s.
.#.....#..##.#'#.#####.....S
.#.###.#..#..#.#..(.# ......
.#...#.#..#.##.####.# %....Z
####.#.#..#.......#.# ......
...#<..#..#########.#
##.#.#.#..#.........#
.#+#.###..#.#########


You could see 2 wights.

Vanquished Creatures
  A two-headed ogre (D:8)
  Pikel (D:8)
  Sigmund (D:6)
  A hungry ghost (D:8)
  A sky beast (D:7)
  3 slaves (D:8)
  An orc warrior (D:9)
  2 ice beasts
  3 ogres
  A phantom (D:6)
  2 centaurs (D:6)
  2 bullfrogs (D:8)
  5 scorpions
  4 killer bees
  A wight (D:9)
  A howler monkey (D:4)
  2 crimson imps (D:8)
  A centaur zombie (D:6)
  2 hounds
  A jelly (D:6)
  5 orc priests
  2 orc wizards
  4 worker ants
  An iguana (D:6)
  A killer bee zombie (D:9)
  A hound zombie (D:9)
  5 hound skeletons
  2 worker ant zombies (D:5)
  11 adders
  4 gnolls (D:3)
  3 shadow imps
  An ooze (D:3)
  An adder zombie (D:8)
  4 worms
  2 leopard geckos
  25 orcs
  2 giant cockroaches
  2 goblins
  2 hobgoblins
  8 kobolds
  A quokka (D:4)
  3 ball pythons
  A ball python skeleton (D:5)
  3 bats
  5 frilled lizards
  A jackal zombie (D:5)
  4 leopard gecko skeletons
  5 rats
145 creatures vanquished.

Notes
Turn   | Place    | Note
-------+----------+-------------------------------------------
     0 | D:1      | Catnutz the Draconian Berserker began the quest for the
                  | Orb.
     0 | D:1      | Reached XP level 1. HP: 19/19 MP: 1/1
   210 | D:1      | Reached XP level 2. HP: 18/26 MP: 2/2
   767 | D:2      | Noticed an air elemental
   768 | D:2      | Found a stormy altar of Qazlal.
   772 | D:2      | Noticed a water elemental
   773 | D:2      | Noticed an earth elemental
   773 | D:2      | Noticed a fire elemental
  1022 | D:2      | Found an iron altar of Okawaru.
  1343 | D:2      | Reached XP level 3. HP: 33/33 MP: 3/3
  1359 | D:2      | Found a glowing golden altar of the Shining One.
  1451 | D:2      | Found a burning altar of Makhleb.
  1954 | D:3      | Reached ** piety under Trog
  2079 | D:3      | HP: 1/33 [gnoll/+0 spear (6)]
  2376 | D:3      | Reached XP level 4. HP: 40/40 MP: 4/4
  2377 | D:3      | Reached skill level 4 in Axes
  2439 | D:3      | Found a radiant altar of Vehumet.
  2640 | D:3      | Found a shimmering blue altar of Sif Muna.
  2891 | D:4      | Reached XP level 5. HP: 41/46 MP: 5/5
  3077 | D:4      | Found a staircase to the Ecumenical Temple.
  3252 | D:4      | Reached skill level 5 in Axes
  3252 | D:4      | Reached skill level 1 in Throwing
  3471 | D:4      | Reached XP level 6. HP: 51/53 MP: 6/6
  3794 | D:5      | Entered Level 5 of the Dungeon
  3938 | D:5      | Found a runed translucent door.
  3938 | D:5      | Noticed floatRand's ghost (amateur DsGl)
  4287 | D:5      | Reached skill level 1 in Stealth
  4287 | D:5      | Your scales start taking on a rich purple colour.
  4287 | D:5      | Reached XP level 7. HP: 57/60 MP: 7/7
  4326 | D:5      | Reached skill level 6 in Axes
  4414 | D:5      | Reached *** piety under Trog
  5121 | D:6      | Reached skill level 5 in Fighting
  5622 | D:6      | Reached skill level 7 in Axes
  5642 | D:6      | Noticed Sigmund
  5653 | D:6      | Killed Sigmund
  5653 | D:6      | Reached XP level 8. HP: 44/68 MP: 8/8
  6141 | D:6      | Found a shimmering altar of Xom.
  6335 | D:6      | Found a shadowy altar of Dithmenos.
  6625 | D:7      | Reached skill level 8 in Axes
  6885 | D:7      | Found an opulent altar of Gozag.
  6979 | D:8      | Found a shattered altar of Ashenzari.
  7049 | D:8      | Noticed a two-headed ogre
  7831 | D:7      | Reached XP level 9. HP: 69/75 MP: 9/9
  8030 | D:8      | Killed a two-headed ogre
  8030 | D:8      | Reached skill level 9 in Axes
  8030 | D:8      | Reached skill level 5 in Dodging
  8157 | D:8      | Found a runed translucent door.
  8416 | D:8      | Noticed grouchysmurf's ghost (novice TrMo)
  8462 | D:8      | Noticed Pikel
  8476 | D:8      | Killed Pikel
  8476 | D:8      | Reached **** piety under Trog
  8476 | D:8      | Reached skill level 10 in Axes
  8948 | D:9      | HP: 5/118 [poisoned by an orc warrior]
  8949 | D:9      | HP: 2/79 [poisoned by an orc warrior]
  8950 | D:9      | Slain by a wight

Levels and vault maps discovered:
D:1:      minmay_arrival_semitransparent, layout_loops_ring, st_stairs_12
D:2:      layout_rooms, lemuel_round_altar, makhleb_grotto_becter,
          nicolae_qazlal_style_of_elements, okawaru_gym_becter, first_ration,
          serial_bayou_ford_a
D:3:      layout_rooms, lemuel_coloured_pillars_altar,
          nicolae_overflow_hidden_temple, serial_glass, glass_columns_b,
          glass_columns_b
D:4:      layout_cave_pools, minmay_temple_entry_proselytizer,
          kennysheep_decorative_pillar
D:5:      layout_basic, hellmonk_ghost_happy_afterlife
D:6:      layout_loops_corners, old_standard_altar,
          nicolae_dithmenos_shadow_blocks, uniq_sigmund
D:7:      layout_rooms, old_standard_altar
D:8:      layout_cave_pools, overflow_temple_1_default,
          ebering_ghost_reflecting_pool, uniq_pikel
D:9:      layout_basic, hangedman_little_slice_of_home

Skill      XL: |  1  2  3  4  5  6  7  8  9 |
---------------+----------------------------+-----
Dodging        | 3 4 5 |  5.4
Fighting       | 4 5 6 7 |  7.3
Axes           | 4 5 7 8 10 | 10.5
Throwing       | 1 2 3 4 |  4.0
Stealth        | 1 2 3 |  3.8

Action                   |  1- 3 |  4- 6 |  7- 9 || total
-------------------------+-------+-------+-------++-------
Melee: Hand axe          |   118 |     4 |       ||   122
       Tailslap          |    18 |    17 |    36 ||    71
       War axe           |       |    99 |   226 ||   325
Throw: Dart              |     3 |    47 |    10 ||    60
       Boomerang         |       |       |    11 ||    11
Invok: Berserk           |     1 |     1 |     9 ||    11
       Trog's Hand       |     1 |       |     2 ||     3
 Abil: Breathe Dispellin |       |       |     1 ||     1
  Use: Scroll            |       |       |     7 ||     7
       Potion            |       |       |     1 ||     1
 Stab: Sleeping          |       |       |     5 ||     5
  Eat: Chunk             |     4 |     9 |    16 ||    29
       Ration            |       |       |     3 ||     3
Armor: Skin              |    30 |    23 |    57 ||   110
Dodge: Dodged            |    77 |    64 |   181 ||   322

Table legend:
 A = Non-vault XP
 B = Vault XP
 C = Vault XP percentage of total XP
 D = Non-vault monster count
 E = Vault monster count
 F = Vault count percentage of total count
                 A         B        C        D         E       F
            +---------+---------+-------+---------+---------+-------
      Total |    4440 |     907 |  17.0 |     136 |       6 |   4.2
            +---------+---------+-------+---------+---------+-------
        D:1 |      15 |       3 |  16.7 |       9 |       2 |  18.2
        D:2 |      25 |      12 |  32.4 |      11 |       1 |   8.3
        D:3 |     123 |       0 |   0.0 |      22 |       0 |   0.0
        D:4 |     372 |      43 |  10.4 |      15 |       1 |   6.2
        D:5 |     407 |       0 |   0.0 |      19 |       0 |   0.0
        D:6 |     807 |     220 |  21.4 |      22 |       1 |   4.3
        D:7 |     451 |       0 |   0.0 |       7 |       0 |   0.0
        D:8 |    1767 |     629 |  26.3 |      19 |       1 |   5.0
        D:9 |     473 |       0 |   0.0 |      12 |       0 |   0.0
            +---------+---------+-------+---------+---------+-------
